 Dungeon Crawl Stone Soup version 0.29.1-2-gbd0b4ee654 (webtiles) character file.

Game seed: 1628749562404665908

1657 BreadTh the Cleaver (level 8, -21/71 HPs)
             Began as a Minotaur Monk on Nov 23, 2022.
             Killed from afar by an acid dragon (30 damage)
             ... with a splash of acid
             ... on level 5 of the Dungeon.
             The game lasted 00:15:15 (5564 turns).

BreadTh the Cleaver (Minotaur Monk)                 Turns: 5564, Time: 00:15:15

Health: -21/71     AC:  1    Str: 17    XL:     8   Next: 68%
Magic:  7/7        EV: 14    Int:  7    God:
Gold:   360        SH:  0    Dex: 16    Spells: 7/7 levels left

rFire   + . .      SeeInvis .   j - +2 hand axe of the Eleven Geomancers {vorpal, Will++ Str+2}
rCold   . . .      Faith    .   (no shield)
rNeg    . . .      Spirit   .   z - +0 troll leather armour
rPois   .          Reflect  .   (helmet restricted)
rElec   .          Harm     .   w - +0 cloak
rCorr   .          Rampage  .   (no gloves)
Will    ++...                   (no boots)
Stlth   +++.......              (no amulet)
HPRegen 1.01/turn               i - ring of protection from fire
MPRegen 0.10/turn               (no ring)

@: corroded
A: horns 2, retaliatory headbutt
a: no special abilities


You were on level 5 of the Dungeon.
You visited 1 branch of the dungeon, and saw 5 of its levels.
You also visited: Sewer and Ossuary.

You collected 360 gold pieces.

Inventory:

Hand Weapons
 j - the +2 hand axe of the Eleven Geomancers (weapon) {vorpal, Will++ Str+2}
   (You found it on level 4 of the Dungeon)

   It inflicts extra damage upon your enemies.
   Str:       It affects your strength (+2).
   Will:      It greatly increases your willpower.
 k - a +2 antimagic whip
Missiles
 f - 41 stones (quivered)
 g - 5 curare-tipped darts
 s - 6 datura-tipped darts
 v - 17 poisoned darts
Armour
 l - a +0 plate armour
 w - a +0 cloak (worn)
 z - a +0 troll leather armour (worn)
Magical Staves
 u - a staff of death
 D - a staff of cold
Jewellery
 i - a ring of protection from fire (left hand)
 t - a ring of fire
 E - a +6 ring of dexterity
Scrolls
 a - a scroll of blinking {unknown}
 d - 4 scrolls of enchant weapon
 h - 3 scrolls of magic mapping
 p - 9 scrolls of identify {unknown}
 y - 2 scrolls of fear {unknown}
 B - 2 scrolls of immolation {unknown}
 C - a scroll of torment {unknown}
Potions
 b - 2 potions of ambrosia
 c - 3 potions of heal wounds
 e - a potion of magic
 m - a potion of invisibility
 n - 2 potions of attraction
 o - 4 potions of flight
 q - a potion of resistance {unknown}
 r - 2 potions of mutation {unknown}
 x - 2 potions of might {unknown}
 A - 3 potions of curing


   Skills:
 + Level 6.6 Fighting
 * Level 9.0 Axes
 + Level 3.5 Armour
 + Level 6.0 Dodging
 + Level 4.5 Stealth


You had 7 spell levels left.
You didn't know any spells.
Your spell library contained the following spells:

 Spells                   Type           Power      Damage    Failure   Level
 Necrotise                Necr           0%         1d4       50%         1
 Summon Small Mammal      Summ           0%         N/A       50%         1
 Blink                    Tloc           0%         N/A       63%         2
 Ensorcelled Hibernation  Hex/Ice        0%         N/A       63%         2
 Passwall                 Tmut/Erth      0%         N/A       63%         2
 Static Discharge         Conj/Air       0%         3-3/arc   63%         2
 Call Canine Familiar     Summ           0%         N/A       86%         3
 Lesser Beckoning         Tloc           0%         N/A       86%         3
 Summon Guardian Golem    Hex/Summ       0%         N/A       86%         3
 Swiftness                Air            0%         N/A       86%         3
 Vampiric Draining        Necr           0%         2d6       86%         3
 Dispel Undead            Necr           0%         3d6       99%         4
 Sticky Flame             Conj/Fire      0%         2d3       99%         4
 Agony                    Necr           0%         N/A       100%        5
 Manifold Assault         Tloc           0%         N/A       100%        5


Dungeon Overview and Level Annotations

Branches:
Dungeon (5/15)              Sewer (visited)         Ossuary (visited)
 Temple: D:4-7

Altars:
Fedhas
Kikubaaqudgha
Makhleb
Zin

Shops:
D:3 :


Innate Abilities, Weirdness & Mutations

You have a pair of horns on your head.
You reflexively headbutt those who attack you in melee.


Message History

You headbutt the acid dragon, but do no damage.
The acid dragon is moderately wounded.
You hear a bark!
You hit the acid dragon.
You headbutt the acid dragon, but do no damage.
You punch the acid dragon.
The acid dragon is heavily wounded.
The acid dragon barely misses you. The acid dragon claws you.
A howler monkey opens the door.
Found a scroll labelled DERCHA KITTOURPH.
A jackal and an orc wizard come into view.
An orc opens the door.
The jackal moves out of view.
The orc wizard moves out of view.
The acid dragon spits acid at you. The splash of acid hits you!
The howler monkey howls!
You hear a shout!
Your attacks no longer feel as feeble.
A worm comes into view.
You barely miss the acid dragon.
The orc wizard shouts!
Your headbutt misses the acid dragon.
The acid dragon is heavily wounded.
A hound comes into view.
The acid dragon bites you! The acid dragon misses you.
The howler monkey hoots and howls with incredible vigour!
The hound barks!
You closely miss the acid dragon.
The acid dragon is heavily wounded.
The acid dragon closely misses you.
The acid dragon claws you but does no damage.
You hit the acid dragon but do no damage.
The acid dragon is heavily wounded.
The acid dragon spits acid at you. The splash of acid hits you!!
* * * LOW HITPOINT WARNING * * *
The acid corrodes you!
The howler monkey hoots and howls with incredible vigour!
The acid dragon spits acid at you. The splash of acid hits you!!
You die...

.........###...###....#
*#.,**
....#.......h8o.......#
**,,**
.#####...###hJ.###...##
**,,**
.....#..##,+#.#'g##..#
**,,*
.......##,,,#h#J..##.#
***,
.......#,,,##.##...#.#
**
.......#,,##..D##.)#.#
*
.......####.....####.#
................@....#
.<.......###..####.###
........## #.## #.#
......### #.# #.##
..##### ##.#####..# ***
###......#..#
##.....)..#..#
##............#
#.............#


You could see an acid dragon (catching breath) and a howler monkey (catching
breath).

Vanquished Creatures
  Grinder (D:3)
  Menkaure (D:4)
  A black bear (D:5)
  A sky beast (D:5)
  An ogre (D:5)
  2 elf zombies (Ossuary)
  A phantom (D:5)
  A kobold brigand (Sewer)
  A scorpion (D:5)
  2 necrophages (D:5)
  A howler monkey (D:5)
  A jelly (D:4)
  3 hounds (D:4)
  A gnoll bouda (D:4)
  A human zombie (Ossuary)
  Jessica (D:3)
  2 iguanas (D:5)
  Natasha (thrice) (D:3)
  A hound zombie (Ossuary)
  4 mummies (Ossuary)
  3 gnolls (D:4)
  6 adders
  A river rat (Sewer)
  An adder zombie (Ossuary)
  A worm (D:5)
  4 dart slugs
  4 orcs
  6 bats
  8 endoplasms
  5 giant cockroaches
  6 goblins
  5 hobgoblins
  3 jackals (Sewer)
  8 quokkas
  5 ball pythons
  2 frilled lizards (D:1)
  2 goblin zombies (Ossuary)
  A hobgoblin zombie (Ossuary)
  A jackal zombie (Ossuary)
  10 kobolds
  A kobold zombie (Ossuary)
  An orc zombie (Ossuary)
  6 rats
  A rat zombie (Ossuary)
121 creatures vanquished.

Notes
Turn   | Place    | Note
-------+----------+-------------------------------------------
     0 | D:1      | BreadTh the Minotaur Monk began the quest for the Orb.
     0 | D:1      | Reached XP level 1. HP: 19/19 MP: 0/0
   178 | D:1      | Reached XP level 2. HP: 27/27 MP: 1/1
   249 | D:1      | Reached skill level 4 in Axes
  1012 | D:2      | Reached XP level 3. HP: 33/33 MP: 2/2
  1445 | D:2      | Found a faded altar of an unknown god.
  1638 | D:3      | Noticed Natasha
  1648 | D:3      | Killed Natasha
  1649 | D:3      | Reached XP level 4. HP: 34/40 MP: 3/3
  1677 | D:3      | Noticed Natasha
  1684 | D:3      | Killed Natasha
  1685 | D:3      | Reached skill level 5 in Axes
  1797 | D:3      | Found a blossoming altar of Fedhas.
  2090 | D:3      | Found Guom's Book Emporium.
  2303 | D:3      | Noticed Grinder
  2304 | D:3      | Noticed Jessica
  2324 | D:3      | Paralysed by Grinder for 3 turns
  2327 | D:3      | Killed Jessica
  2327 | D:3      | HP: 1/41 [Grinder (6)]
  2328 | D:3      | Reached XP level 5. HP: 1/47 MP: 4/4
  2332 | D:3      | Paralysed by Grinder for 3 turns
  2338 | D:3      | HP: 1/47 [Grinder (4)]
  2349 | D:3      | Killed Grinder
  2350 | D:3      | Reached skill level 5 in Fighting
  2350 | D:3      | Reached skill level 6 in Axes
  2350 | D:3      | Reached XP level 6. HP: 28/56 MP: 5/5
  2540 | D:3      | Noticed Natasha
  2549 | D:3      | Killed Natasha
  3017 | D:4      | Noticed Menkaure
  3028 | D:4      | Killed Menkaure
  3103 | D:4      | Reached XP level 7. HP: 44/61 MP: 6/6
  3195 | D:4      | Found a glowing silver altar of Zin.
  3399 | D:4      | Identified the +2 hand axe of the Eleven Geomancers
                  | {vorpal, Will++ Str+2}
  3449 | D:4      | Reached skill level 7 in Axes
  3808 | D:4      | Reached skill level 5 in Dodging
  3909 | D:4      | Found an ancient bone altar of Kikubaaqudgha.
  3955 | D:4      | Found a burning altar of Makhleb.
  4350 | D:5      | Entered Level 5 of the Dungeon
  4357 | D:5      | Found a sand-covered staircase.
  4362 | Ossuary  | Entered an ossuary
  4379 | Ossuary  | Reached skill level 1 in Armour
  4875 | D:5      | Reached XP level 8. HP: 27/70 MP: 7/7
  4880 | D:5      | Reached skill level 8 in Axes
  5022 | D:5      | Found a glowing drain.
  5036 | Sewer    | Entered a sewer
  5142 | Sewer    | Found a white marble altar of Elyvilon.
  5551 | D:5      | Reached skill level 9 in Axes
  5564 | D:5      | Killed from afar by an acid dragon

Illustrated notes

Levels and vault maps discovered:
D:1:      ncdulo_wetmaze, layout_basic, serial_rivers,
          chequers_serial_rivers_small_3, chequers_serial_rivers_small_a,
          chequers_serial_rivers_micro_a, chequers_serial_rivers_small_a,
          hex_intersection
D:2:      layout_loops_ring, chequers_ecumenical_altar_twisty
D:3:      layout_loops_corners, fedhas_altar_2, serial_shops, shop_fountains,
          uniq_natasha, uniq_jessica, uniq_grinder
D:4:      layout_loops_cross, nicolae_kikubaaqudgha_miasma_corner, zin_statuary,
          makhleb_heckhound_becter, uniq_menkaure
D:5:      cheibrodos_barr_body, layout_cave_pods, gup_sewer_entry_bubbles,
          enter_ossuary_1, kennysheep_generic_room_6

Skill      XL: |  1  2  3  4  5  6  7  8 |
---------------+-------------------------+-----
Axes           | 4 5 6 7 9 |  9.0
Fighting       | 4 5 6 |  6.6
Stealth        | 2 3 4 |  4.5
Dodging        | 4 5 6 |  6.0
Armour         | 2 3 |  3.5

Action                   |  1- 3 |  4- 6 |  7- 9 || total
-------------------------+-------+-------+-------++-------
Melee: Hand axe          |    73 |    58 |   215 ||   346
       Headbutt          |     6 |    12 |    42 ||    60
       Whip              |       |     6 |       ||     6
       Punch             |       |       |     5 ||     5
  Use: Potion            |       |     7 |       ||     7
       Scroll            |       |       |     2 ||     2
 Stab: Sleeping          |     5 |     1 |     3 ||     9
       Invisible         |       |     3 |       ||     3
       Distracted        |       |       |     1 ||     1
Armor: Robe              |    20 |     3 |     4 ||    27
       Plate armour      |       |       |    49 ||    49
       Troll leather arm |       |       |    16 ||    16
Dodge: Dodged            |    44 |    42 |    85 ||   171
